 Dungeon Crawl Stone Soup version 0.31.0-11-ge490571c62 (webtiles) character file.

Game seed: 13286722763315988527

64 qw the Shooter (level 3, 0/18 HPs)
             Began as a Spriggan Hunter on Feb 4, 2024.
             Slain by Ijyb
             ... wielding a +0 club
              (4 damage)
             ... on level 2 of the Dungeon.
             The game lasted 00:00:23 (1240 turns).

qw the Shooter (Spriggan Hunter)                    Turns: 1240, Time: 00:00:23

Health: 0/18       AC:  2    Str:  7    XL:     3   Next: 91%
Magic:  0/4        EV: 19    Int: 10    God:
Gold:   181        SH:  0    Dex: 20    Spells: 2/2 levels left

rFire   . . .        a - +0 shortbow
rCold   . . .        (shield currently unavailable)
rNeg    . . .        c - +0 robe
rPois   .            (helmet restricted)
rElec   .            (no cloak)
rCorr   .            (gloves unavailable)
SInv    +            (boots unavailable)
Will    .....        b - amulet of guardian spirit
Stlth   ++           (no ring)
HPRegen 0.23/turn    (no ring)
MPRegen 0.09/turn

%: guardian spirit
@: about to teleport, very quick
A: very small, no large weapons, unfitting armour, see invisible, speed 3
a: no special abilities


You were on level 2 of the Dungeon.
You visited 1 branch of the dungeon, and saw 3 of its levels.

You collected 181 gold pieces.


Innate Abilities, Weirdness & Mutations

You are very small and have problems with some larger weapons.
You are too small for most types of armour.
You have supernaturally acute eyesight. (SInv)
You cover ground extremely quickly. (Speed+++)


   Skills:
 - Level 1.5 Fighting
 - Level 5.0 Ranged Weapons
 + Level 4.1 Dodging
 - Level 1.5 Stealth


You had 2 spell levels left.
You didn't know any spells.
Your spell library was empty.

Inventory:

Hand Weapons
 a - a +0 shortbow (weapon)
Armour
 c - a +0 robe (worn)
Jewellery
 b - an amulet of guardian spirit (around neck)
Potions
 e - a potion of curing
 f - a potion of cancellation
 g - a potion of might
 h - a potion of heal wounds {unknown}
 k - a potion of haste {unknown}
 l - a potion of mutation {unknown}

Dungeon Overview and Level Annotations

Branches:
Dungeon (3/15)

Altars:

Annotations:
D:2 Ijyb


Message History

You shoot an arrow. The arrow hits Ijyb.
Ijyb is moderately wounded.
Ijyb barely misses you.
You shoot an arrow. The arrow hits Ijyb but does no damage.
Ijyb is moderately wounded.
Ijyb closely misses you.
You shoot an arrow. The arrow closely misses Ijyb.
Ijyb misses you.
You shoot an arrow. The arrow hits Ijyb but does no damage.
Ijyb is moderately wounded.
Ijyb zaps a wand.
The bolt of light hits you!
You are confused.
Ouch! That really hurt!
Ijyb hits you with a +0 club.
1232 ||| DRINKING 2 potions of curing.
You feel better.
1232 ||| (to cure confusion) Ijyb hits you with a +0 club.
You shoot an arrow. The arrow hits Ijyb but does no damage.
Ijyb is moderately wounded.
Ijyb misses you.
You shoot an arrow. The arrow completely misses Ijyb.
Ijyb zaps a wand.
The bolt of light misses you.
You shoot an arrow. The arrow hits Ijyb but does no damage.
Ijyb is moderately wounded.
Ijyb completely misses you.
You shoot an arrow. The arrow closely misses Ijyb.
Ijyb hits you with a +0 club.
You shoot an arrow. The arrow hits Ijyb but does no damage.
Ijyb is moderately wounded.
Ijyb closely misses you.
You shoot an arrow. The arrow closely misses Ijyb.
Ijyb hits you with a +0 club.
1239 ||| READING scroll of teleportation.
As you read the scroll of teleportation, it crumbles to dust.
You feel strangely unstable. Ijyb misses you.
You shoot an arrow. The arrow hits Ijyb but does no damage.
Ijyb is moderately wounded.
Ijyb hits you with a +0 club.
You die...

........# ........# ........# ###
...>....#### #.# ###########
.[.........# #.# #.........#
#####....#.#####.###.........#
########.#........##.......>.#
#...# #.######.......%#.#####
#...# #.......)@g#..###.# #...#
#####...#.###.....### #...##
##...#.# ####....##
#....######...##.# ##.#..#
..............##.# #.##.#
....###..##...##.# #.##.#
....#...~........# #%##.####
....#.~~~~..#.#..#######.##....##
.####.~~~..##.#..........#####..#


You could see Ijyb.

Vanquished Creatures
  2 adders (D:2)
  2 adder skeletons (D:2)
  A dart slug (D:1)
  3 bats
  2 bat skeletons (D:2)
  3 endoplasms
  A giant cockroach (D:2)
  3 goblins
  5 hobgoblins
  2 quokkas
  3 ball pythons
  A ball python skeleton (D:2)
  5 frilled lizards
  A giant cockroach zombie (D:2)
  3 kobolds (D:1)
  A quokka zombie (D:2)
  3 rats (D:1)
41 creatures vanquished.

Notes
Turn   | Place    | Note
-------+----------+-------------------------------------------
     0 | D:1      | qw the Spriggan Hunter began the quest for the Orb.
     0 | D:1      | Reached XP level 1. HP: 10/10 MP: 2/2
     0 | D:1      | 0 ||| qw: Version: 0.3-a-160-g6735b56
     0 | D:1      | 0 ||| qw: Game counter: 6076
     0 | D:1      | 0 ||| qw: Melee chars always use a shield: true
     0 | D:1      | 0 ||| qw: God list: Okawaru
     0 | D:1      | 0 ||| qw: Allow faded altars: false
     0 | D:1      | 0 ||| qw: Do Orc after clearing Dungeon:15 true
     0 | D:1      | 0 ||| qw: Do second Lair branch before Depths: true
     0 | D:1      | 0 ||| qw: Lair rune preference: random
     0 | D:1      | 0 ||| qw: Goals: Normal
     0 | D:1      | 0 ||| PLANNING D:1-11
    55 | D:1      | Reached skill level 3 in Dodging
   182 | D:1      | HP: 2/10 [hobgoblin (1)]
   186 | D:1      | Reached XP level 2. HP: 5/14 MP: 3/3
   579 | D:1      | 579 ||| READING 2 scrolls labelled BAVO TADONOCUL.
   583 | D:1      | 583 ||| READING scroll labelled TESYMO UJOACHU.
   684 | D:1      | 684 ||| DRINKING 2 silvery potions.
   685 | D:1      | 685 ||| DROPPING scroll of butterflies.
   746 | D:2      | Reached XP level 3. HP: 18/18 MP: 4/4
   768 | D:2      | 768 ||| FLEEEEING.
   769 | D:2      | 769 ||| FLEEEEING.
   770 | D:2      | 770 ||| FLEEEEING.
  1045 | D:2      | Reached skill level 5 in Ranged Weapons
  1193 | D:2      | 1193 ||| UPGRADING to amulet of guardian spirit.
  1198 | D:2      | 1198 ||| READING 2 scrolls labelled IMEAWO LETHRI.
  1198 | D:2      | 1198 ||| IDENTIFYING sedimented inky potion
  1199 | D:2      | 1199 ||| READING scroll of identify.
  1199 | D:2      | 1199 ||| IDENTIFYING fuming silvery potion
  1200 | D:2      | 1200 ||| READING scroll labelled ULICVEITIKK.
  1221 | D:3      | Noticed Ijyb
  1225 | D:3      | 1225 ||| STAIRDANCE
  1231 | D:2      | HP: 2/18 [Ijyb/+0 club (4)]
  1232 | D:2      | 1232 ||| DRINKING 2 potions of curing.
  1232 | D:2      | 1232 ||| (to cure confusion)
  1238 | D:2      | HP: 4/18 [Ijyb/+0 club (4)]
  1239 | D:2      | 1239 ||| READING scroll of teleportation.
  1240 | D:2      | Slain by Ijyb

Levels and vault maps discovered:
D:1:      saegor_arrival_simple_c, layout_basic
D:2:      layout_rooms, serial_undead, serial_undead_f, serial_undead_a,
          serial_undead_f, serial_undead_f, serial_undead_b, serial_undead_b
D:3:      layout_rooms, grunt_temple_overflow_open, serial_shops, shop,
          chequers_serial_rivers_small_b, uniq_jessica, uniq_ijyb, uniq_sigmund

Skill      XL: |  1  2  3 |
---------------+----------+-----
Dodging        | 3 4 |  4.1
Ranged Weapons | 5 |  5.0
Fighting       | |  1.5
Stealth        | |  1.5

Action                     || total
---------------------------++-------
   Fire: Shortbow          ||   112
    Use: Scroll            ||     6
         Potion            ||     2
 Armour: Robe              ||    23
  Dodge: Dodged            ||    50

Table legend:
 A = Non-vault XP
 B = Vault XP
 C = Vault XP percentage of total XP
 D = Non-vault monster count
 E = Vault monster count
 F = Vault count percentage of total count
                 A         B        C        D         E       F
            +---------+---------+-------+---------+---------+-------
      Total |      76 |      16 |  17.4 |      34 |       7 |  17.1
            +---------+---------+-------+---------+---------+-------
        D:1 |      33 |       0 |   0.0 |      21 |       0 |   0.0
        D:2 |      43 |      16 |  27.1 |      13 |       7 |  35.0
            +---------+---------+-------+---------+---------+-------
